 Dungeon Crawl Stone Soup version 0.30-a0-949-g53dc5368d7 (webtiles) character file.

Game seed: 2917520195229683338

71 2tousent the Chopper (level 4, -6/40 HPs)
             Began as a Hill Orc Monk on Mar 27, 2023.
             Mangled by a gnoll bouda
             ... wielding a +0 whip
              (8 damage)
             ... on level 4 of the Dungeon.
             The game lasted 00:02:02 (1382 turns).

2tousent the Chopper (Hill Orc Monk)                Turns: 1382, Time: 00:02:02

Health: -6/40      AC:  9    Str: 15    XL:     4   Next: 24%
Magic:  4/4        EV:  7    Int: 10    God:
Gold:   61         SH:  0    Dex: 13    Spells: 3/3 levels left

rFire   . . .      SeeInvis .    a - +0 hand axe
rCold   . . .      Faith    .    (no shield)
rNeg    . . .      Spirit   .    h - +0 chain mail
rPois   .          Reflect  .    (no helmet)
rElec   .          Rampage  .    (no cloak)
rCorr   .                        (no gloves)
Will    .....                    e - +0 pair of boots Stlth
                                 (no amulet)
HPRegen 0.26/turn                (no ring)
MPRegen 0.09/turn                (no ring)

@: no status effects
A: no striking features
a: no special abilities


You were on level 4 of the Dungeon.
You visited 1 branch of the dungeon, and saw 3 of its levels.

You collected 61 gold pieces.

Inventory:

Hand Weapons
 a - a +0 hand axe (weapon)
Armour
 b - a +0 robe
 e - a +0 pair of boots (worn)
 f - a +0 scale mail
 g - a +0 leather armour
 h - a +0 chain mail (worn)
Scrolls
 i - a scroll of identify
Potions
 c - a potion of ambrosia
 d - a potion of lignification
 j - a potion of brilliance {unknown}


   Skills:
 + Level 4.2 Fighting
 * Level 5.1 Axes
 + Level 1.5 Armour
 + Level 2.8 Dodging
 - Level 1.5 Stealth


You had 3 spell levels left.
You didn't know any spells.
Your spell library was empty.

Dungeon Overview and Level Annotations

Branches:
Dungeon (2/15)

Altars:


Message History

The gnoll hits you but does no damage. The gnoll barely misses you. x2
The gnoll hits you from afar with a +0 spear.
You barely miss the gnoll.
The gnoll is lightly wounded.
You closely miss the gnoll bouda. The gnoll barely misses you.
The gnoll hits you with a +0 club. The gnoll barely misses you.
You closely miss the gnoll.
The gnoll is lightly wounded.
You hit the gnoll bouda. The gnoll hits you with a +0 club.
The gnoll hits you but does no damage.
The gnoll bouda hits you but does no damage.
The gnoll barely misses you.
You hit the gnoll.
The gnoll is moderately wounded.
You hit the gnoll bouda. The gnoll closely misses you.
The gnoll hits you from afar with a +0 halberd.
The gnoll bouda closely misses you.
The gnoll hits you from afar with a +0 spear.
You hit the gnoll.
The gnoll is heavily wounded.
You barely miss the gnoll bouda. The gnoll completely misses you.
The gnoll closely misses you.
The gnoll bouda hits you but does no damage.
The gnoll hits you but does no damage.
You hit the gnoll.
The gnoll is almost dead.
You hit the gnoll bouda but do no damage.
The gnoll hits you with a +0 club. The gnoll barely misses you.
The gnoll bouda hits you with a +0 whip!
* * * LOW HITPOINT WARNING * * *
The gnoll hits you but does no damage. The gnoll hits you but does no damage.
The gnoll bouda calls upon its god to heal the gnoll.
The gnoll is healed somewhat.
The gnoll closely misses you.
There is an open door here.
The gnoll attacks as you move away! The gnoll hits you with a +0 club!
* * * LOW HITPOINT WARNING * * *
The gnoll bouda attacks as you move away!
The gnoll bouda hits you with a +0 whip!
You die...

# #........#
#.##.......)####
#..............#####
###.....#####.....##.
#.##### #####....
##.+ +.### #..#####
#####.#
#......#####.....###
#.#@##[......##....#
#.g.g...... #....#
#..gg...... #..).#
#.........# #....#
#.........# #....#
#.........# ##....#
#.........# #.....#
#.........# #.###.#
#.........# #. #.#


You could see a gnoll bouda and 3 gnolls.

Vanquished Creatures
  2 adders (D:2)
  3 orcs (D:4)
  A ball python (D:2)
  6 endoplasms
  3 giant cockroaches
  2 goblins (D:2)
  8 hobgoblins
  2 quokkas (D:1)
  9 bats
  A frilled lizard (D:1)
  8 kobolds
45 creatures vanquished.

Notes
Turn   | Place    | Note
-------+----------+-------------------------------------------
     0 | D:1      | 2tousent the Hill Orc Monk began the quest for the Orb.
     0 | D:1      | Reached XP level 1. HP: 19/19 MP: 1/1
   290 | D:1      | Reached XP level 2. HP: 26/27 MP: 2/2
   731 | D:1      | Reached skill level 1 in Armour
   765 | D:1      | Reached XP level 3. HP: 23/33 MP: 3/3
  1226 | D:2      | Found a faded altar of an unknown god.
  1270 | D:2      | Reached skill level 5 in Axes
  1270 | D:2      | Reached XP level 4. HP: 37/40 MP: 4/4
  1283 | D:2      | You fall into a shaft and drop 2 floors!
  1382 | D:4      | HP: 2/40 [gnoll/+0 club[a gnoll bouda] (7)]
  1382 | D:4      | Mangled by a gnoll bouda

Illustrated notes

Levels and vault maps discovered:
D:1:      dpeg_arrival_tiny_c, layout_rooms
D:2:      layout_rooms, ebering_ecumenical_altar_box
D:4:      layout_basic, mainiacjoe_overflow_surrounded_room

Skill      XL: |  1  2  3 |
---------------+----------+-----
Armour         | 1 |  1.5
Fighting       | 4 |  4.2
Axes           | 5 |  5.1
Dodging        | |  2.8
Stealth        | |  1.5

Action                     |  1- 3 |  4- 6 || total
---------------------------+-------+-------++-------
  Melee: Hand axe          |   183 |    30 ||   213
         Punch             |     1 |       ||     1
    Use: Scroll            |     3 |       ||     3
   Stab: Sleeping          |     2 |       ||     2
 Armour: Robe              |     1 |       ||     1
         Leather armour    |    34 |       ||    34
         Chain mail        |    12 |    19 ||    31
         Scale mail        |     5 |       ||     5
  Dodge: Dodged            |   112 |    20 ||   132

Table legend: (Time is in decaauts)
 A = Elapsed time spent in this place.
 B = Non-inter-level travel time spent in this place.
 C = Inter-level travel time spent in this place.
 D = Time resting spent in this place.
 E = Time spent auto-exploring this place.
 F = Levels seen in this place.
 G = Mean time per level.
                   A        B        C        D        E       F      G
               +--------+--------+--------+--------+--------+-----+--------+
         Total |   1396 |   1389 |      7 |      4 |    977 |   3 |  465.3 |
       Dungeon |   1396 |   1389 |      7 |      4 |    977 |   3 |  465.3 |
               +--------+--------+--------+--------+--------+-----+--------+

Top non-repeatable levels by time:
     D:1: 863 daAuts
     D:2: 432 daAuts
     D:4: 100 daAuts
